 Dungeon Crawl Stone Soup version 0.24.0-13-gcf9b3192b9 (webtiles) character file.

Game seed: 4786662398091685159, levelgen mode: deterministic

349 Aviak the Covered (level 6, -7/56 HPs)
             Began as a Minotaur Fighter on Nov 9, 2019.
             Was an Initiate of Okawaru.
             Mangled by a hornet (14 damage)
             ... on level 5 of the Dungeon.
             The game lasted 00:02:20 (2911 turns).

Aviak the Covered (Minotaur Fighter)                Turns: 2911, Time: 00:02:20

Health: -7/56      AC:  8    Str: 22    XL:     6   Next: 33%
Magic:  5/5        EV:  7    Int:  5    God:    Okawaru [......]
Gold:   160        SH: 10    Dex: 10    Spells: 5/5 levels left

rFire    . . .     SeeInvis .   a - +0 war axe
rCold    . . .     Gourm    .   c - +0 shield
rNeg     . . .     Faith    .   b - +0 scale mail
rPois    .         Spirit   .   (helmet restricted)
rElec    .         Reflect  .   (no cloak)
rCorr    .         Harm     .   (no gloves)
MR       .....                  l - +0 pair of boots
Stlth    ..........             (no amulet)
HPRegen  0.18/turn              (no ring)
MPRegen  0.09/turn              (no ring)

@: lethally poisoned (-7 -> -14)
A: retaliatory headbutt, horns 2
a: Renounce Religion


You were on level 5 of the Dungeon.
You worshipped Okawaru.
Okawaru was noncommittal.
You were hungry.

You visited 2 branches of the dungeon, and saw 6 of its levels.

You collected 160 gold pieces.

Inventory:

Hand Weapons
 a - a +0 war axe (weapon)
Armour
 b - a +0 scale mail (worn)
 c - a +0 shield (worn)
 l - a +0 pair of boots (worn)
Jewellery
 o - the ring "Zeunelir" {rElec rN+ MP-9 Dex+2 Stlth-, unknown}
   (You found it on level 4 of the Dungeon)

   [ring of attention]

   It affects your dexterity (+2).
   It insulates you from electricity.
   It protects you from negative energy.
   It affects your magic capacity (-9).
   It makes you less stealthy.
Scrolls
 h - 4 scrolls of enchant weapon {unknown}
 i - 4 scrolls of identify {unknown}
 k - a scroll of enchant armour {unknown}
 p - a scroll of blinking {unknown}
 q - a scroll of amnesia {unknown}
Potions
 d - a potion of might
 e - a potion of curing {unknown}
 g - 4 potions of lignification {unknown}
 j - a potion of heal wounds {unknown}
 m - a potion of degeneration {unknown}
 n - a potion of resistance {unknown}
 s - a potion of mutation {unknown}
Comestibles
 f - 10 rations


   Skills:
 + Level 5.3 Fighting
 + Level 4.5 Axes
 + Level 5.3 Armour
 + Level 5.2 Shields


You had 5 spell levels left.
You didn't know any spells.
Your spell library was empty.

Dungeon Overview and Level Annotations

Branches:
Dungeon (5/15)             Temple (1/1) D:4

Altars:
Ashenzari
Cheibriados
Dithmenos
Elyvilon
Fedhas
Gozag
Hepliaklqana
Kikubaaqudgha
Makhleb
Nemelex Xobeh
Okawaru
Qazlal
Ru
Sif Muna
Trog
Uskayaw
Vehumet
Wu Jian
Xom
Yredelemnul
Zin
The Shining One


Innate Abilities, Weirdness & Mutations

You reflexively headbutt those who attack you in melee.
You have a pair of horns on your head.


Message History

The hornet stings you!
* * * LOW HITPOINT WARNING * * *
You feel as though you will be slow longer.
The howler monkey hits you but does no damage.
* * * LOW HITPOINT WARNING * * *
You feel sick.
The howler monkey hoots and howls with incredible vigour!
You block the hornet's attack.
The shadow imp hits you but does no damage.
You hear a shout! x3; You hear an angry hiss. x2
There is a stone staircase leading up here.
Okay, then.
Okay, then.
You hit the hornet but do no damage.
The hornet is lightly wounded.
You slash the howler monkey! You hit the shadow imp.
You feel yourself speed up.
* * * LOW HITPOINT WARNING * * *
You feel sick. You block the hornet's attack. The hornet stings you!
You die...

#.# #.# .# ...
.## #.. ....
### #.# .o..#
....###.###....
#...........#
#......@h...#
#.....5y....#
#.......†...#
#...........#
#...........#
#...........#
#...........#
#...........#
...........#


You could see a hornet, a howler monkey, a shadow imp and an orc.

Vanquished Creatures
  An orc priest (D:3)
  3 orc wizards
  2 worker ants
  Natasha (twice) (D:4)
  2 adders
  A shadow imp (D:4)
  An ooze (D:3)
  4 worms
  A dart slug (D:4)
  A leopard gecko (D:1)
  7 orcs
  A ball python (D:3)
  9 bats
  3 giant cockroaches
  11 hobgoblins
  4 jackals (D:1)
  3 quokkas (D:2)
  7 frilled lizards
  15 goblins
  6 kobolds
  4 rats
88 creatures vanquished.

Notes
Turn   | Place    | Note
-------+----------+-------------------------------------------
     0 | D:1      | Aviak the Minotaur Fighter began the quest for the Orb.
     0 | D:1      | Reached XP level 1. HP: 19/19 MP: 0/0
    62 | D:1      | Reached XP level 2. HP: 19/27 MP: 1/1
   611 | D:2      | Reached XP level 3. HP: 30/33 MP: 2/2
   712 | D:2      | Found a faded altar of an unknown god.
   747 | D:2      | Found a sparkling altar of Nemelex Xobeh.
  1073 | D:2      | Reached XP level 4. HP: 39/40 MP: 3/3
  1766 | D:3      | Reached XP level 5. HP: 25/47 MP: 4/4
  2042 | D:4      | Got a steaming ivory ring
  2093 | D:4      | Found a staircase to the Ecumenical Temple.
  2105 | Temple   | Entered the Ecumenical Temple
  2217 | Temple   | Became a worshipper of Warmaster Okawaru
  2293 | D:4      | Reached skill level 5 in Armour
  2392 | D:4      | Reached skill level 5 in Fighting
  2392 | D:4      | Reached skill level 5 in Shields
  2396 | D:4      | Reached XP level 6. HP: 42/56 MP: 5/5
  2408 | D:4      | Found an ornate altar of the Wu Jian Council.
  2735 | D:4      | Noticed Natasha
  2744 | D:4      | Killed Natasha
  2852 | D:4      | Noticed Natasha
  2857 | D:4      | Killed Natasha
  2903 | D:5      | Entered Level 5 of the Dungeon
  2904 | D:5      | Noticed a hornet
  2911 | D:5      | Mangled by a hornet

Levels and vault maps discovered:
D:1:      lemuel_arrival_funnel, layout_basic
D:2:      layout_basic, chequers_ecumenical_altar_simple, nemelex_altar_shiori
D:3:      minmay_chambers_of_threes, layout_rooms, first_ration
D:4:      layout_loops_ring, overflow_temple_1_default,
          minmay_temple_entry_purple_smoke, uniq_natasha
D:5:      layout_basic, serial_shops, shop, uniq_grinder, uniq_eustachio,
          uniq_prince_ribbit1
Temple:   regret_index_temple_sigil_plot

Skill      XL: |  1  2  3  4  5 |
---------------+----------------+-----
Fighting       | 4 5 |  5.3
Shields        | 4 5 |  5.2
Armour         | 4 5 |  5.3
Axes           | 3 4 |  4.5

Action                   |  1- 3 |  4- 6 || total
-------------------------+-------+-------++-------
Melee: War axe           |   131 |   101 ||   232
       Headbutt          |    18 |    12 ||    30
  Eat: Chunk             |     1 |     5 ||     6
Armor: Scale mail        |    55 |    52 ||   107
Dodge: Dodged            |    31 |    33 ||    64
Block: Shield            |    52 |    55 ||   107
